 Dungeon Crawl Stone Soup version 0.22.0-38-g04b72b8 (webtiles) character file.

472 conein the Skirmisher (level 7, -3/44 HPs)
             Began as a Tengu Abyssal Knight on Aug 25, 2018.
             Was a Priest of Lugonu.
             Slain by an ogre
             ... wielding a +0 giant club
              (22 damage)
             ... on level 5 of the Dungeon.
             The game lasted 00:05:03 (4580 turns).

conein the Skirmisher (Tengu Abyssal Knight)        Turns: 4580, Time: 00:05:03

Health: -3/44      AC:  7    Str: 14    XL:     7   Next: 9%
Magic:  10/10      EV:  9    Int: 13    God:    Lugonu [***...]
Gold:   292        SH:  0    Dex: 13    Spells: 6/6 levels left

rFire    . . .     SeeInvis .   r - +0 morningstar
rCold    . . .     Gourm    .   (no shield)
rNeg     + . .     Faith    .   h - +0 scale mail
rPois    .         Spirit   .   (helmet restricted)
rElec    .         Reflect  .   (no cloak)
rCorr    .         Harm     .   (no gloves)
MR       .....                  (boots unavailable)
Stlth    ..........             (no amulet)
HPRegen  0.14/turn              d - ring of positive energy
MPRegen  0.12/turn              (no ring)

@: no status effects
A: beak, talons 3, able to fly 1
a: Fly, Depart the Abyss, Bend Space, Banish, Renounce Religion


You were on level 5 of the Dungeon.
You worshipped Lugonu.
Lugonu was most pleased with you.
You were hungry.

You visited 1 branch of the dungeon, and saw 5 of its levels.
You visited the Abyss 1 time.

You collected 292 gold pieces.

Inventory:

Hand Weapons
 m - the +10 battleaxe of Quantum Leap {speed, Fragile rElec rN+ Str+4, unknown}
   (You found it on level 4 of the Dungeon)

   Attacks with this weapon are significantly faster.
   It affects your strength (+4).
   It insulates you from electricity.
   It protects you from negative energy.
   It will be destroyed if unequipped.
 r - a +0 morningstar (weapon)
Armour
 h - a +0 scale mail (worn)
Jewellery
 d - a ring of positive energy (left hand)
Wands
 k - a wand of scattershot (4)
Scrolls
 a - a scroll of amnesia {unknown}
 b - 2 scrolls of enchant weapon {unknown}
 f - a scroll of teleportation {unknown}
 g - a scroll of remove curse
 j - a scroll of immolation {unknown}
 n - 2 scrolls of enchant armour {unknown}
 p - 2 scrolls of blinking {unknown}
 s - a scroll of identify
Potions
 e - a potion of invisibility
 i - a potion of flight
 l - 2 potions of heal wounds
 o - a potion of curing
 q - a potion of degeneration
Comestibles
 c - 7 rations


   Skills:
 + Level 4.8 Fighting
 + Level 4.7 Maces & Flails
 + Level 4.6 Armour
 - Level 1.1 Dodging
 + Level 2.8 Invocations


You had 6 spell levels left.
You didn't know any spells.
Your spell library was empty.

Dungeon Overview and Level Annotations

Branches:
Dungeon (5/15)
 Temple: D:4-7

Altars:
Gozag
Nemelex Xobeh

Annotations:
D:3 2 transporters, Vajrapani's ghost, amateur GrFi


Innate Abilities, Weirdness & Mutations

You have a beak for a mouth.
You have claws for feet.
You can fly.


Message History

The ogre is severely wounded.
The ogre hits you with a giant club!
Found a stone staircase leading down.
The ogre closely misses you.
The adder zombie bites you but does no damage.
There is a stone staircase leading up here.
The adder zombie bites you but does no damage.
You climb upwards.
There is a stone staircase leading down here.
No target in view!
No target in view!
You start resting.
You are feeling hungry.
You climb downwards.
The adder zombie closely misses you. The ogre hits you with a giant club!
The adder zombie bites you but does no damage.
There is a stone staircase leading up, spattered with blood here.
The ogre hits you with a giant club!!
Ouch! That really hurt!
You die...

### ######Z########
#.....<@.......
#.####O#########
#.##.#....#
#....#.##O#
#.####O#.##.#
#.......[##.#
######
#######O####.#
.....
..........O..####
$$..
.................>#


You could see an ogre and an adder zombie.

Vanquished Creatures
  Blork the orc (D:5)
  A howler monkey (D:4)
  An orc priest (D:4)
  An orc wizard (D:4)
  Natasha (thrice) (D:2)
  2 worker ants
  7 gnolls
  3 adders
  A worm (D:5)
  A dart slug (D:1)
  5 leopard geckos
  4 orcs (D:3)
  A ball python (D:2)
  6 giant cockroaches
  4 goblins
  6 hobgoblins
  10 jackals
  4 quokkas
  A ball python skeleton (D:4)
  8 bats
  7 frilled lizards
  4 kobolds
  2 leopard gecko skeletons (D:4)
  A quokka skeleton (D:4)
  8 rats
92 creatures vanquished.

Notes
Turn   | Place    | Note
-------+----------+-------------------------------------------
     0 | Abyss:1  | conein the Tengu Abyssal Knight began the quest for the Orb.
     0 | Abyss:1  | Reached XP level 1. HP: 14/14 MP: 3/3
    74 | Abyss:1  | Noticed a vampire
    75 | D:1      | Escaped the Abyss
   116 | D:1      | Reached * piety under Lugonu
   144 | D:1      | Reached XP level 2. HP: 19/19 MP: 4/4
   688 | D:1      | Reached XP level 3. HP: 18/23 MP: 5/5
  1073 | D:2      | Reached XP level 4. HP: 16/29 MP: 6/6
  1808 | D:2      | Noticed Natasha
  1812 | D:2      | Killed Natasha
  1812 | D:2      | Reached ** piety under Lugonu
  1812 | D:2      | Gained mutation: You can fly. [Tengu growth]
  1812 | D:2      | Reached XP level 5. HP: 27/33 MP: 7/7
  1901 | D:2      | Found a sparkling altar of Nemelex Xobeh.
  1901 | D:2      | Found an opulent altar of Gozag.
  2005 | D:2      | Noticed Natasha
  2013 | D:2      | Killed Natasha
  2067 | D:2      | Noticed Natasha
  2309 | D:2      | Killed Natasha
  2547 | D:3      | Found a transporter.
  2548 | D:3      | Noticed Vajrapani's ghost (amateur GrFi)
  2631 | D:3      | Found a transporter.
  3489 | D:4      | Reached XP level 6. HP: 32/39 MP: 8/8
  4355 | D:4      | Reached *** piety under Lugonu
  4374 | D:4      | Got a smoking battleaxe
  4453 | D:5      | Entered Level 5 of the Dungeon
  4460 | D:5      | Noticed Blork the orc
  4468 | D:5      | Killed Blork the orc
  4468 | D:5      | Reached XP level 7. HP: 28/44 MP: 8/10
  4580 | D:5      | Slain by an ogre

Skill      XL: |  1  2  3  4  5 |
---------------+----------------+-----
Maces & Flails | 3 4 |  4.7
Armour         | 3 4 |  4.6
Fighting       | 4 |  4.8
Invocations    | 2 |  2.8
Dodging        | |  1.1

Action                   |  1- 3 |  4- 6 |  7- 9 || total
-------------------------+-------+-------+-------++-------
Melee: Mace              |    99 |   108 |       ||   207
       Kick              |    19 |    31 |     1 ||    51
       Peck              |     7 |    25 |       ||    32
       Morningstar       |       |    53 |     5 ||    58
Invok: Depart the Abyss  |     1 |       |       ||     1
  Use: Scroll            |       |     7 |       ||     7
       Potion            |       |     1 |       ||     1
  Eat: Chunk             |       |     8 |       ||     8
       Ration            |       |     1 |       ||     1
Armor: Leather armour    |     2 |       |       ||     2
       Scale mail        |    62 |    88 |     3 ||   153
       Ring mail         |    13 |       |       ||    13
Dodge: Dodged            |    73 |   102 |     5 ||   180
